 Dungeon Crawl Stone Soup version 0.23-a0-307-gc3b755d (webtiles) character file.

100 Ijustatesigmund the Magician (level 4, -23/27 HPs)
             Began as an Octopode Wizard on Oct 10, 2018.
             Annihilated by an ogre
             ... wielding a +0 giant club
              (31 damage)
             ... on level 4 of the Dungeon.
             The game lasted 00:06:11 (3165 turns).

Ijustatesigmund the Magician (Octopode Wizard)      Turns: 3165, Time: 00:06:12

Health: -23/27     AC:  1    Str:  6    XL:     4   Next: 73%
Magic:  8/8        EV: 13    Int: 20    God:
Gold:   67         SH:  0    Dex: 11    Spells: 3/9 levels left

rFire    + . .     SeeInvis .   g - -2 dagger (curse)
rCold    + . .     Gourm    .   (no shield)
rNeg     . . .     Faith    .   a - +0 hat
rPois    .         Spirit   .   (no amulet)
rElec    .         Reflect  .   b - ring of protection from cold
rCorr    .         Harm     .   d - ring of teleportation (curse)
MR       .....     Rnd*Tele +   h - ring of protection from fire
Stlth    +++.......             (no ring)
HPRegen  0.09/turn              (no ring)
MPRegen  0.11/turn              (no ring)
                                (no ring)
                                (no ring)

@: no status effects
A: almost no armour, stealthy swim, amphibious, 8 rings, constrict 8, camouflage
1, gelatinous body 1
a: no special abilities


You were on level 4 of the Dungeon.
You were hungry.

You visited 1 branch of the dungeon, and saw 4 of its levels.

You collected 67 gold pieces.

Inventory:

Hand Weapons
 e - a +0 short sword
 g - a cursed -2 dagger (weapon)
 k - a +2 whip of venom
Missiles
 i - 4 steel tomahawks (quivered)
Armour
 a - a +0 hat (worn)
Jewellery
 b - a ring of protection from cold (left tentacle)
 d - a cursed ring of teleportation (right tentacle)
 h - a ring of protection from fire (on tentacle)
Scrolls
 n - a scroll of teleportation
Potions
 f - a potion of lignification
 j - a potion of haste
 m - a potion of resistance {unknown}
Comestibles
 c - 5 rations


   Skills:
 - Level 2.0 Dodging
 - Level 2.6 Stealth
 - Level 3.0 Spellcasting
 - Level 2.4 Conjurations
   Level 1.0 Summonings
 + Level 2.4 Translocations
 + Level 1.5 Air Magic
 + Level 1.9 Poison Magic


You had 3 spell levels left.
You knew the following spells:

 Your Spells              Type           Power        Failure   Level  Hunger
a - Magic Dart            Conj           ##..         5%          1    None
b - Blink                 Tloc           N/A          8%          2    ##.....
c - Mephitic Cloud        Conj/Pois/Air  ##......     19%         3    ###....

Your spell library contained the following spells:

 Spells                   Type           Power        Failure   Level  Hunger
 Call Imp                 Summ           #.......     14%         2    ##.....
 Slow                     Hex            #.......     22%         2    ##.....
 Conjure Flame            Conj/Fire      #.......     26%         3    ###....


Dungeon Overview and Level Annotations

Branches:
Dungeon (4/15)
 Temple: D:4-7

Altars:
Makhleb


Innate Abilities, Weirdness & Mutations

You cannot wear most types of armour.
You are very stealthy in the water. (Stealth+)
You are amphibious.
You can wear up to eight rings at the same time.
You can use your tentacles to constrict eight enemies at once.
Your skin changes colour to match your surroundings (Stealth+).
Your rubbery body absorbs attacks. (AC +1, EV +1)


Message History

Found 18 gold pieces.
There is a stone staircase leading up here.
You start resting.
Magic restored.
You start resting.
Your extra speed is starting to run out.
You start resting.
You feel yourself slow down.
You start resting.
Your magical contamination has completely faded away.
You start resting.
You are suddenly yanked towards some nearby monsters!
Your surroundings suddenly seem different.
A worm comes into view.
An adder skeleton comes into view.
An ogre comes into view. It is wielding a giant club.
The ogre shouts!
The ogre hits you with a giant club!!
Ouch! That really hurt!
You die...

#..# ## . #..######.## ..
####..##......# ...... ...
###.............# ......
....#...............##
#......
.....................#
.......
............Z........#
.$.....
.........w....@......#
.......
............###O.....###...#
........##### #......#<...#
........# #####.....##
.......## ##....... .......
##........ ..#.... .........
.##.... ......... .........


You could see an ogre, a worm and an adder skeleton.

Vanquished Creatures
  3 adders
  An ooze (D:1)
  3 dart slugs
  3 leopard geckos
  A ball python (D:2)
  4 giant cockroaches
  10 goblins
  6 hobgoblins
  2 jackals (D:2)
  7 kobolds
  4 quokkas (D:2)
  A bat (D:1)
  4 frilled lizards (D:2)
  8 rats
57 creatures vanquished.

Notes
Turn   | Place    | Note
-------+----------+-------------------------------------------
     0 | D:1      | Ijustatesigmund the Octopode Wizard began the quest for the
                  | Orb.
     0 | D:1      | Reached XP level 1. HP: 11/11 MP: 4/4
   366 | D:1      | Reached XP level 2. HP: 13/17 MP: 4/6
   434 | D:1      | Learned a level 2 spell: Blink
   900 | D:1      | Reached XP level 3. HP: 19/21 MP: 5/7
   905 | D:1      | Learned a level 3 spell: Mephitic Cloud
  1524 | D:2      | Found a burning altar of Makhleb.
  1609 | D:2      | Reached skill level 1 in Poison Magic
  1862 | D:2      | Reached skill level 1 in Air Magic
  1866 | D:2      | Reached XP level 4. HP: 27/27 MP: 8/8
  3164 | D:4      | Noticed an ogre
  3165 | D:4      | Annihilated by an ogre

Vault maps used:
D:1:      denvon_arrival_planthouse, serial_corexii_hall,
          corexii_hall_statues_l, corexii_hall_statues_s
D:2:      kennysheep_cross_room, bloody_makhleb
D:3:      nicolae_overflow_hidden_temple, minmay_misc_feat_five,
          minmay_misc_feat_columns
D:4:      minmay_wonky_spiral, uniq_edmund

Skill      XL: |  1  2  3 |
---------------+----------+-----
Conjurations   | 2 |  2.4
Poison Magic   | 1 |  1.9
Translocations | 2 |  2.4
Air Magic      | 1 |  1.5
Dodging        | |  2.0
Stealth        | |  2.6
Spellcasting   | |  3.0
Summonings     | |  1.0

Action                   |  1- 3 |  4- 6 || total
-------------------------+-------+-------++-------
Melee: Unarmed           |    13 |       ||    13
       Constrict         |    10 |     5 ||    15
       Tentacles         |     6 |     4 ||    10
       Dagger            |    40 |    29 ||    69
 Cast: Magic Dart        |    60 |    51 ||   111
       Mephitic Cloud    |       |     1 ||     1
  Use: Scroll            |     3 |       ||     3
       Potion            |       |     2 ||     2
 Stab: Sleeping          |     4 |     1 ||     5
       Invisible         |       |     1 ||     1
  Eat: Chunk             |     3 |     3 ||     6
Armor: Skin              |     2 |     4 ||     6
Dodge: Dodged            |    37 |    34 ||    71

Table legend:
 A = Non-vault XP
 B = Vault XP
 C = Vault XP percentage of total XP
 D = Non-vault monster count
 E = Vault monster count
 F = Vault count percentage of total count
                 A         B        C        D         E       F
            +---------+---------+-------+---------+---------+-------
      Total |     143 |       0 |   0.0 |      57 |       0 |   0.0
            +---------+---------+-------+---------+---------+-------
        D:1 |      53 |       0 |   0.0 |      28 |       0 |   0.0
        D:2 |      74 |       0 |   0.0 |      27 |       0 |   0.0
        D:3 |      16 |       0 |   0.0 |       2 |       0 |   0.0
            +---------+---------+-------+---------+---------+-------
